 Dungeon Crawl Stone Soup version 0.27.1-35-g4d5d836560 (webtiles) character file.

Game seed: 18129581220887339811

52 Delamore the Sneak (level 3, 0/24 HPs)
             Began as an Octopode Brigand on Mar 8, 2022.
             Slain by Grinder (3 damage)
             ... on level 3 of the Dungeon.
             The game lasted 00:01:35 (2395 turns).

Delamore the Sneak (Octopode Brigand)               Turns: 2395, Time: 00:01:35

Health: 0/24       AC:  1    Str: 10    XL:     3   Next: 85%
Magic:  3/3        EV: 12    Int: 19    God:
Gold:   49         SH:  0    Dex: 14    Spells: 2/2 levels left

rFire    . . .     SeeInvis .   a - +2 dagger
rCold    . . .     Faith    .   (no shield)
rNeg     . . .     Spirit   .   (helmet restricted)
rPois    +         Reflect  .   (no amulet)
rElec    .         Harm     .   g - ring of flight
rCorr    .         Rampage  .   h - ring of poison resistance
Will     .....                  j - +6 ring of intelligence
Stlth    ++++......             (no ring)
HPRegen  0.08/turn              (no ring)
MPRegen  0.08/turn              (no ring)
                                (no ring)
                                (no ring)

@: flying
A: almost no armour, amphibious, 8 rings, camouflage 1, gelatinous body 1,
(nimble swimmer 1), tentacles
a: no special abilities


You were on level 3 of the Dungeon.
You visited 1 branch of the dungeon, and saw 3 of its levels.

You collected 49 gold pieces.

Inventory:

Hand Weapons
 a - a +2 dagger (weapon)
Missiles
 b - 8 poisoned darts (quivered)
 c - 2 curare-tipped darts
Armour
 d - a +0 kite shield
Jewellery
 g - a ring of flight (left tentacle)
 h - a ring of poison resistance (right tentacle)
 j - a +6 ring of intelligence (on tentacle)
Scrolls
 f - a scroll of identify {unknown}
 i - a scroll of magic mapping {unknown}
Potions
 e - a potion of resistance {unknown}
 k - a potion of invisibility {unknown}
 l - a potion of heal wounds
 m - a potion of cancellation {unknown}


   Skills:
 - Level 2.0 Fighting
 + Level 2.7 Short Blades
 - Level 2.0 Throwing
 - Level 1.0 Dodging
 * Level 6.8 Stealth


You had 2 spell levels left.
You didn't know any spells.
Your spell library contained the following spells:

 Spells                   Type           Power      Damage    Failure   Level
 Borgnjor's Revivificati  Necr           0%         N/A       100%        8
 Necromutation            Tmut/Necr      0%         N/A       100%        8
 Death's Door             Necr           0%         N/A       100%        9


Dungeon Overview and Level Annotations

Branches:
Dungeon (3/15)

Altars:

Shops:
D:1 :

Annotations:
D:3 Grinder


Innate Abilities, Weirdness & Mutations

You cannot wear most types of armour.
You are amphibious.
You can wear up to eight rings at the same time.
Your skin changes colour to match your surroundings (Stealth+).
Your rubbery body absorbs attacks. (AC +1, EV +1)
((You are camouflaged near water. (Stealth+)))
You have tentacles for arms and can constrict up to eight enemies at once.


Message History

No target in view!
No target in view!
No target in view!
Grinder comes into view.
Grinder is nearby!
Grinder is nearby!
Found 7 gold pieces.
A frilled lizard comes into view.
Grinder says, "Just stop there for a second..."
Grinder drinks a potion.
Grinder seems to speed up.
You hit Grinder but do no damage. You grab Grinder.
You constrict Grinder, but do no damage.
Grinder barely misses you. Grinder hits you.
You hit Grinder.
Grinder is lightly wounded.
You constrict Grinder. Grinder barely misses you.
You barely miss Grinder.
Grinder is lightly wounded.
You constrict Grinder, but do no damage.
Grinder blinks free!
Grinder gestures at you. Pain shoots through your body!
Grinder gestures at you. Pain shoots through your body!
Ouch! That really hurt!
* * * LOW HITPOINT WARNING * * *
It was a potion of heal wounds.
You feel much better.
You closely miss Grinder. Your grab misses Grinder.
Grinder is lightly wounded.
Grinder barely misses you.
Grinder blinks!
You start waiting.
Grinder is nearby!
You hit Grinder but do no damage. You grab Grinder. You constrict Grinder.
Grinder hits you!
You hit Grinder. You squeeze Grinder.
Grinder is moderately wounded.
You constrict Grinder. Grinder hits you.
You writhe in agony.
Grinder hits you.
* * * LOW HITPOINT WARNING * * *
You writhe in agony.
You die...

#.... #.#.# .#
###....## #.#.# .#
#.......###.#.# .#
#...........#)#######.#
#.$.....##..........#†#
###....###.##5#####...#
#.... #.##.# #<###
##.#. #.##.# #.# #l#.
.#@#.# #.# # #. ###5.#
#.# ## #.### #.# #.#
..# #. #.# # #..


You could see Grinder (fast).

Vanquished Creatures
  A dart slug (D:1)
  5 ball pythons (D:1)
  6 endoplasms
  2 giant cockroaches (D:1)
  5 goblins
  4 hobgoblins (D:1)
  7 jackals
  2 quokkas
  5 bats
  A frilled lizard (D:2)
  4 kobolds
  A rat (D:2)
43 creatures vanquished.

Notes
Turn   | Place    | Note
-------+----------+-------------------------------------------
     0 | D:1      | Delamore the Octopode Brigand began the quest for the Orb.
     0 | D:1      | Reached XP level 1. HP: 14/14 MP: 1/1
   277 | D:1      | Reached XP level 2. HP: 14/19 MP: 2/2
   362 | D:1      | Found Jihetucu's Book Shop.
   445 | D:1      | Reached skill level 6 in Stealth
   840 | D:1      | Reached XP level 3. HP: 24/24 MP: 3/3
   879 | D:1      | Found a faded altar of an unknown god.
  2372 | D:3      | Noticed Grinder
  2395 | D:3      | Slain by Grinder

Illustrated notes

Levels and vault maps discovered:
D:1:      nzn_arrival_crosshair, layout_loops_corners,
          ebering_ecumenical_altar_rust, serial_shops, shop_statue
D:2:      layout_basic
D:3:      layout_loops_ring, item_on_display_a, uniq_grinder

Skill      XL: |  1  2 |
---------------+-------+-----
Stealth        | 6 |  6.8
Fighting       | |  2.0
Short Blades   | |  2.7
Throwing       | |  2.0
Dodging        | |  1.0

Action                   || total
-------------------------++-------
Melee: Dagger            ||    77
       Constrict         ||    18
       Tentacles         ||    10
  Use: Potion            ||     1
 Stab: Sleeping          ||    19
Armor: Skin              ||     4
Dodge: Dodged            ||    38
